 Dungeon Crawl Stone Soup version 0.31-a0-424-g41b3b0883d (webtiles) character file.

Game seed: 12754693038762205868

296 Ajdolov the Shooter (level 6, 0/48 HPs)
             Began as a Ghoul Hunter on July 30, 2023.
             Killed from afar by an orc wizard (11 damage)
             ... with a puff of flame
             ... on level 4 of the Dungeon.
             The game lasted 00:05:39 (3129 turns).

Ajdolov the Shooter (Ghoul Hunter)                  Turns: 3129, Time: 00:05:39

Health: 0/48       AC:  5    Str: 15    XL:     6   Next: 35%
Magic:  5/5        EV: 11    Int:  4    God:
Gold:   250        SH:  0    Dex: 14    Spells: 5/5 levels left

rFire   . . .        a - +0 shortbow
rCold   + + .        (shield currently unavailable)
rNeg    + + +        c - +0 leather armour
rPois   ∞            (no helmet)
rElec   .            (no cloak)
rCorr   .            e - +0 pair of gloves
SInv    .            l - +0 pair of boots
Will    .....        (no amulet)
Stlth   +            o - ring of protection from cold
HPRegen 0.00/turn    (no ring)
MPRegen 0.09/turn

%: no passive effects
@: inhibited regen
A: claws 1, cold resistance 1, negative energy resistance 3, inhibited
regeneration, torment resistance 2, devour on kill
a: no special abilities


You were on level 4 of the Dungeon.
You visited 1 branch of the dungeon, and saw 4 of its levels.

You collected 250 gold pieces.

Inventory:

Hand Weapons
 a - a +0 shortbow (weapon)
Armour
 c - a +0 leather armour (worn)
 e - a +0 pair of gloves (worn)
 l - a +0 pair of boots (worn)
Jewellery
 o - a ring of protection from cold (left hand)
 u - a +4 ring of protection
Wands
 f - a wand of polymorph (11)
Scrolls
 b - a scroll of butterflies
 g - a scroll of revelation {unknown}
 h - a scroll of identify
 i - a scroll of teleportation
 j - 2 scrolls of fear
 p - a scroll of brand weapon {unknown}
 r - a scroll of blinking {unknown}
Potions
 d - a potion of haste {unknown}
 k - a potion of brilliance {unknown}
 m - a potion of heal wounds
 n - 2 potions of curing {unknown}
 q - a potion of attraction {unknown}
 s - a potion of mutation {unknown}
 t - a potion of cancellation {unknown}


   Skills:
 - Level 2.1 Fighting
 * Level 6.8 Ranged Weapons
 - Level 1.7 Dodging
 - Level 1.1 Stealth


You had 5 spell levels left.
You didn't know any spells.
Your spell library contained the following spells:

 Spells                   Type           Power      Damage    Failure   Level
 Lesser Beckoning         Tloc           0%         N/A       71%         2
 Gell's Gravitas          Tloc           0%         N/A       91%         3
 Hailstorm                Conj/Ice       0%         3d3       91%         3
 Inner Flame              Hex/Fire       0%         N/A       91%         3
 Teleport Other           Tloc           0%         N/A       91%         3
 Summon Ice Beast         Ice/Summ       0%         N/A       100%        4
 Yara's Violent Unravell  Hex/Tmut       0%         3d3       100%        5
 Simulacrum               Ice/Necr       0%         N/A       100%        6
 Enfeeble                 Hex            0%         N/A       100%        7


Dungeon Overview and Level Annotations

Branches:
Dungeon (4/15)
 Temple: D:4-7

Altars:

Shops:
D:4 (

Annotations:
D:4 Blork the orc, Ijyb


Innate Abilities, Weirdness & Mutations

You are immune to poison.
You have sharp fingernails.
Your flesh is cold resistant. (rC+)
You are immune to negative energy. (rN+++)
You do not regenerate when monsters are visible.
You are immune to unholy pain and torment.
You thrive by killing the living.


Message History

Aim: an orc wizard, wielding a +1 dagger of venom and wearing a +0 robe (moderately wounded, 56% to hit)
You shoot an arrow. The arrow hits the orc wizard.
The orc wizard is heavily wounded.
Unknown command.
Fire: a) +0 shortbow
Press: ? - help, Q - select action, (/) - cycle Shift-Dir - straight line, f/p - orc wizard
Aim: an orc wizard, wielding a +1 dagger of venom and wearing a +0 robe (heavily wounded, 56% to hit)
You shoot an arrow. The arrow misses the orc wizard.
The orc wizard hits you with a +1 dagger of venom.
Fire: a) +0 shortbow
Press: ? - help, Q - select action, (/) - cycle Shift-Dir - straight line, f/p - orc wizard
Aim: an orc wizard, wielding a +1 dagger of venom and wearing a +0 robe (heavily wounded, 56% to hit)
You shoot an arrow.
The arrow hits the orc wizard but does no damage.
The orc wizard is heavily wounded.
The orc wizard hits you with a +1 dagger of venom.
* * * LOW HITPOINT WARNING * * *
Fire: a) +0 shortbow
Press: ? - help, Q - select action, (/) - cycle Shift-Dir - straight line, f/p - orc wizard
Aim: an orc wizard, wielding a +1 dagger of venom and wearing a +0 robe (heavily wounded, 56% to hit)
You shoot an arrow. The arrow hits the orc wizard.
The orc wizard is heavily wounded.
The orc wizard barely misses you.
Fire: a) +0 shortbow
Press: ? - help, Q - select action, (/) - cycle Shift-Dir - straight line, f/p - orc wizard
Aim: an orc wizard, wielding a +1 dagger of venom and wearing a +0 robe (heavily wounded, 56% to hit)
You shoot an arrow. The arrow barely misses the orc wizard.
The orc wizard closely misses you. The orc wizard casts a spell at you.
You resist with some effort.
Fire: a) +0 shortbow
Press: ? - help, Q - select action, (/) - cycle Shift-Dir - straight line, f/p - orc wizard
Aim: an orc wizard, wielding a +1 dagger of venom and wearing a +0 robe (heavily wounded, 56% to hit)
You shoot an arrow.
The arrow hits the orc wizard but does no damage.
The orc wizard is heavily wounded.
An orc priest comes into view. It is wielding a +0 dagger.
The orc wizard casts a spell at you. The puff of flame hits you!
You die...

#.. #.# #.#
#.# #.## ###
#o. ..# #.#
#.#
#o#######.#
#.)o@..##.##
######.#...#
#.....#
#.....#
#..#### #..#
#..# #..#
#..#


You could see an orc priest and an orc wizard.

Vanquished Creatures
  An ogre (D:4)
  A scorpion (D:4)
  3 adders
  4 gnolls
  An ufetubus (D:4)
  A worm (D:3)
  A dart slug (D:4)
  14 orcs
  7 ball pythons
  7 bats
  7 endoplasms
  4 goblins
  4 hobgoblins
  12 jackals
  3 frilled lizards
  4 kobolds
  2 rats
76 creatures vanquished.

Notes
Turn   | Place    | Note
-------+----------+-------------------------------------------
     0 | D:1      | Ajdolov the Ghoul Hunter began the quest for the Orb.
     0 | D:1      | Reached XP level 1. HP: 17/17 MP: 0/0
   259 | D:1      | Reached skill level 4 in Ranged Weapons
   259 | D:1      | Reached XP level 2. HP: 24/24 MP: 1/1
   854 | D:2      | Reached XP level 3. HP: 27/29 MP: 2/2
  1513 | D:3      | Reached skill level 5 in Ranged Weapons
  1513 | D:3      | Reached XP level 4. HP: 36/36 MP: 3/3
  2482 | D:4      | Reached XP level 5. HP: 41/41 MP: 4/4
  2499 | D:4      | Reached skill level 6 in Ranged Weapons
  2858 | D:4      | Found Wagaul's Antique Weapon Shoppe.
  2864 | D:4      | Noticed Ijyb
  2865 | D:4      | Noticed Blork the orc
  3091 | D:4      | Noticed an orc warrior
  3101 | D:4      | an orc warrior changed into an ogre
  3101 | D:4      | Noticed an ogre
  3111 | D:4      | Killed an ogre
  3112 | D:4      | Reached XP level 6. HP: 14/48 MP: 5/5
  3129 | D:4      | Killed from afar by an orc wizard

Illustrated notes

Levels and vault maps discovered:
D:1:      dpeg_arrival_rhombus, layout_loops_corners, minivault_11
D:2:      layout_loops_ring, wad_orctagon
D:3:      layout_basic, lemuel_flame_loot_1
D:4:      layout_loops_ring, serial_shops, shop, grunt_tough_drop, uniq_ijyb,
          uniq_blork_the_orc

Skill      XL: |  1  2  3  4  5 |
---------------+----------------+-----
Ranged Weapons | 4 5 6 |  6.8
Fighting       | |  2.1
Dodging        | |  1.7
Stealth        | |  1.1

Action                     |  1- 3 |  4- 6 || total
---------------------------+-------+-------++-------
  Melee: Shortbow          |       |     1 ||     1
   Fire: Shortbow          |   111 |   203 ||   314
  Evoke: Wand              |       |     2 ||     2
    Use: Scroll            |       |     2 ||     2
         Potion            |       |     2 ||     2
 Armour: Leather armour    |    25 |    53 ||    78
  Dodge: Dodged            |    37 |   113 ||   150

Table legend: (Time is in decaauts)
 A = Elapsed time spent in this place.
 B = Non-inter-level travel time spent in this place.
 C = Inter-level travel time spent in this place.
 D = Time resting spent in this place.
 E = Time spent auto-exploring this place.
 F = Levels seen in this place.
 G = Mean time per level.
                   A        B        C        D        E       F      G
               +--------+--------+--------+--------+--------+-----+--------+
         Total |   3185 |   3112 |     73 |    431 |   1984 |   4 |  796.2 |
       Dungeon |   3185 |   3112 |     73 |    431 |   1984 |   4 |  796.2 |
               +--------+--------+--------+--------+--------+-----+--------+

Top non-repeatable levels by time:
     D:3: 1143 daAuts
     D:1: 746 daAuts
     D:2: 716 daAuts
     D:4: 578 daAuts
